 Dungeon Crawl Stone Soup version 0.28.0-45-g0d030f2227 (webtiles) character file.

Game seed: 2450153069109846824

52 GigaChad the Skirmisher (level 3, -1/31 HPs)
             Began as a Palentonga Fighter on Apr 14, 2022.
             Splashed by a jelly's acid (3 damage)
             ... on level 3 of the Dungeon.
             The game lasted 00:04:00 (1360 turns).

GigaChad the Skirmisher (Palentonga Fighter)        Turns: 1360, Time: 00:04:01

Health: -1/31      AC:  9    Str: 19    XL:     3   Next: 60%
Magic:  0/12       EV:  3    Int:  8    God:
Gold:   64         SH:  4    Dex: 11    Spells: 2/2 levels left

rFire   . . .      SeeInvis +   a - +0 long sword
rCold   . . .      Faith    .   c - +0 buckler
rNeg    . . .      Spirit   +   i - +0 plate armour
rPois   .          Reflect  .   (no helmet)
rElec   .          Harm     .   (no cloak)
rCorr   .          Rampage  .   (no gloves)
Will    .....                   (no barding)
Stlth   ..........              j - amulet of guardian spirit
HPRegen 0.10/turn               f - ring of magical power
MPRegen 0.13/turn               (no ring)

@: no status effects
A: large, rugged brown scales 3, see invisible, deformed body, roll 1, armoured
tail
a: Rolling Charge


You were on level 3 of the Dungeon.
You visited 1 branch of the dungeon, and saw 3 of its levels.

You collected 64 gold pieces.

Inventory:

Hand Weapons
 a - a +0 long sword (weapon)
 g - a +1 dagger of freezing
 h - a +2 dagger of speed
Armour
 b - a +0 scale mail
 c - a +0 buckler (worn)
 i - a +0 plate armour (worn)
Jewellery
 f - a ring of magical power (left hand)
 j - an amulet of guardian spirit (around neck)
Scrolls
 k - a scroll of magic mapping {unknown}
Potions
 d - a potion of might
 e - a potion of heal wounds {unknown}


   Skills:
 + Level 3.3 Fighting
 + Level 2.9 Long Blades
 + Level 2.8 Armour
 + Level 2.7 Shields


You had 2 spell levels left.
You didn't know any spells.
Your spell library was empty.

Dungeon Overview and Level Annotations

Branches:
Dungeon (3/15)

Altars:

Shops:
D:2 :


Innate Abilities, Weirdness & Mutations

You are completely covered in rugged brown scales. (AC +3, +7% HP)
You have supernaturally acute eyesight. (SInv)
Armour fits poorly on your strangely shaped body.
You can roll at nearby foes to attack.
You have a long armoured tail.


Message History

The rat bites you but does no damage. The orc hits you but does no damage.
You are too confused!
The hound bites you but does no damage. x2
The orc wizard hits you but does no damage.
The orc wizard points at you and mumbles some strange words.
The magic dart hits you but does no damage.
You slash the orc!
You kill the orc!
The hound bites you.
* * * LOW HITPOINT WARNING * * *
The orc wizard hits you but does no damage.
The rat bites you.
* * * LOW HITPOINT WARNING * * *
The orc wizard points at you and mumbles some strange words.
The magic dart hits you.
* * * LOW HITPOINT WARNING * * *
The hound bites you but does no damage.
The orc wizard hits you but does no damage.
You feel less confused.
A kobold comes into view.
It is wielding a +0 whip and carrying a wand of iceblast (9).
The hound bites you but does no damage.
The orc wizard casts a spell.
The orc wizard flickers and vanishes for a moment.
You open the door.
A giant cockroach and a jelly come into view.
The kobold shouts!
The jelly quivers.
The hound bites you but does no damage. The hound barely misses you.
Found a book of Misfortune.
The hound bites you but does no damage.
There is an open door here.
The jelly hits you but does no damage. You block the hound's attack.
You slash the jelly!
Your hands burn!
* * * LOW HITPOINT WARNING * * *
The jelly is heavily wounded.
The hound bites you but does no damage. The giant cockroach barely misses you.
The jelly hits you but does no damage. The hound bites you.
* * * LOW HITPOINT WARNING * * *
You hit the jelly but do no damage.
Your hands burn!
You die...

#### . #. #:.# #.
#. #..# #.##. #..#
##....## #BJ#
#......###.@#
#..#K).##h#
#....ooro#####
....#....o.........
. #..........###.
#?...<.....#
................#
................#
.....(............


You could see a hound, a jelly, an orc wizard (invisible), an orc, a giant
cockroach and a rat.

Vanquished Creatures
  2 adders (D:2)
  A worm (D:2)
  An orc (D:3)
  2 ball pythons (D:2)
  5 bats
  3 endoplasms (D:1)
  2 goblins
  4 hobgoblins
  4 kobolds
  3 frilled lizards
  4 rats (D:1)
31 creatures vanquished.

Notes
Turn   | Place    | Note
-------+----------+-------------------------------------------
     0 | D:1      | GigaChad the Palentonga Fighter began the quest for the
                  | Orb.
     0 | D:1      | Reached XP level 1. HP: 19/19 MP: 1/1
   135 | D:1      | Reached XP level 2. HP: 18/25 MP: 2/2
   696 | D:2      | Found Orrysian's Book Emporium.
   776 | D:2      | Reached XP level 3. HP: 6/31 MP: 3/3
  1360 | D:3      | Splashed by a jelly's acid

Illustrated notes

Levels and vault maps discovered:
D:1:      wander_arrival_chamber, layout_rooms, st_stairs_9,
          hangedman_decor_peaks_small
D:2:      layout_basic, hellmonk_ecumenical_altar_heavens_door, serial_shops,
          nicolae_shop_advertising_works [nicolae_subvault_shop_adworks]
D:3:      layout_rooms, minmay_divided_ellipse, uniq_terence, uniq_natasha,
          uniq_sigmund

Action                   || total
-------------------------++-------
Melee: Long sword        ||    86
       Tailslap          ||     9
Armor: Scale mail        ||    46
       Plate armour      ||    49
Dodge: Dodged            ||    32
Block: Buckler           ||    24
